 Dungeon Crawl Stone Soup version 0.20.1-1-g8b1a95d (webtiles) character file.

63382 Miyamura the Grappler (level 14, -2/140 HPs)
             Began as a Troll Hunter on Dec 20, 2017.
             Was a Priest of Cheibriados.
             Slain by a spiny frog (11 damage)
             ... on level 6 of the Lair of Beasts on Dec 27, 2017.
             The game lasted 00:53:10 (16813 turns).

Miyamura the Grappler (Troll Hunter)               Turns: 16813, Time: 00:53:11

Health: -2/140     AC:  8    Str: 31    XL:     14   Next: 67%
Magic:  29/29      EV: 18    Int: 13    God:    Cheibriados [***...]
Gold:   1067       SH:  6    Dex: 23    Spells: 13/13 levels left

rFire    . . .     SeeInvis .   E - +2 flail (protect)
rCold    + . .     Gourm    +   (no shield)
rNeg     + . .     Faith    .   e - +1 robe of Vuabefar {rN+ Regen+ Int-4 Dex+3}
rPois    +         Spirit   .   (helmet restricted)
rElec    .         Reflect  +   O - +2 cloak {rPois}
rCorr    .         Harm     .   (gloves unavailable)
MR       ++...                  (boots unavailable)
Stlth    ++........             C - +6 amulet of reflection
Regen    1.2/turn               m - ring of protection from magic
MPRegen  0.3/turn               V - ring of magical power

@: very slow
A: unfitting armour, claws 3, cold resistance 1, deformed body, fast metabolism
3, gourmand, regeneration 1, shaggy fur 1, tough skin 2, wild magic 1
a: Bend Time, Temporal Distortion, Renounce Religion


You were on level 6 of the Lair of Beasts.
You worshipped Cheibriados.
Cheibriados was most pleased with you.
You were very full.

You visited 2 branches of the dungeon, and saw 18 of its levels.
You visited the Abyss 1 time.
You also visited: Labyrinth.

You collected 1067 gold pieces.

Inventory:

Hand Weapons
 p - a +4 great mace of crushing
 E - a +2 flail of protection (weapon)
 I - a +0 giant spiked club of electrocution
Missiles
 c - 6 large rocks (quivered)
 d - 4 throwing nets
Armour
 e - the +1 robe of Vuabefar (worn) {rN+ Regen+ Int-4 Dex+3}
   (You found it on level 9 of the Dungeon)

   It affects your intelligence (-4).
   It affects your dexterity (+3).
   It protects you from negative energy.
   It increases your rate of regeneration.
 r - +2 steam dragon scales
 O - a +2 cloak of poison resistance (worn)
Magical Staves
 G - an uncursed staff of power
Jewellery
 m - a ring of protection from magic (left claw)
 C - a +6 amulet of reflection (around neck)
 H - an uncursed ring of wizardry
 V - a ring of magical power (right claw)
Wands
 b - a wand of confusion (28/48)
 t - a wand of paralysis (16/24)
 w - a wand of disintegration (5/24)
 y - a wand of acid (4/15)
 z - a wand of confusion (11/48)
 L - a wand of polymorph (9/24)
 M - a wand of flame (27/48)
 Q - a wand of iceblast (6/15)
 U - a wand of iceblast (3/15)
 X - a wand of lightning (5/15)
Scrolls
 h - a scroll of enchant armour
 i - 4 scrolls of amnesia
 k - 3 scrolls of immolation
 o - 4 scrolls of remove curse
 u - a scroll of blinking
 A - 6 scrolls of recharging
 F - a scroll of enchant weapon
 R - a scroll of magic mapping {unknown}
Potions
 g - 4 potions of flight
 K - 5 potions of curing
 Z - 2 potions of magic
Books
 a - a book of Flames

   Spells                             Type                      Level
   a - Flame Tongue                   Conjuration/Fire             1
   b - Throw Flame                    Conjuration/Fire             2
   c - Conjure Flame                  Conjuration/Fire             3
   d - Inner Flame                    Hexes/Fire                   3
   e - Sticky Flame                   Conjuration/Fire             4
   f - Fireball                       Conjuration/Fire             5
 l - a book of Beasts

   Spells                             Type                      Level
   a - Summon Butterflies             Summoning                    1
   b - Call Canine Familiar           Summoning                    3
   c - Summon Ice Beast               Ice/Summoning                4
   d - Summon Mana Viper              Hexes/Summoning              5
   e - Summon Hydra                   Summoning                    7
 n - the Papyrus of the Moneychanger
   (You found it in a labyrinth)

   Spells                             Type                      Level
   a - Freeze                         Ice                          1
   b - Throw Frost                    Conjuration/Ice              2
   c - Ensorcelled Hibernation        Hexes/Ice                    2
   d - Ignite Poison                  Fire/Transmutation/Poison    3
   e - Throw Icicle                   Conjuration/Ice              4
   f - Sticky Flame                   Conjuration/Fire             4
 x - a book of Maledictions

   Spells                             Type                      Level
   a - Corona                         Hexes                        1
   b - Ensorcelled Hibernation        Hexes/Ice                    2
   c - Confuse                        Hexes                        3
   d - Tukima's Dance                 Hexes                        3
   e - Dazzling Spray                 Conjuration/Hexes            3
 S - a book of Changes

   Spells                             Type                      Level
   a - Beastly Appendage              Transmutation                1
   b - Sticks to Snakes               Transmutation                2
   c - Spider Form                    Transmutation/Poison         3
   d - Ice Form                       Ice/Transmutation            4
   e - Blade Hands                    Transmutation                5
 T - a book of Debilitation

   Spells                             Type                      Level
   a - Corona                         Hexes                        1
   b - Slow                           Hexes                        2
   c - Inner Flame                    Hexes/Fire                   3
   d - Portal Projectile              Hexes/Translocation          3
   e - Cause Fear                     Hexes                        4
   f - Leda's Liquefaction            Hexes/Earth                  4
Comestibles
 f - 16 bread rations
 j - 9 meat rations
 s - 19 royal jellies
 v - 4 fruits
 W - 2 chunks of flesh


   Skills:
 + Level 9.2 Fighting
 * Level 10.4 Maces & Flails
 + Level 10.5 Throwing
 + Level 9.4 Dodging
 - Level 0.3 Stealth
 - Level 10.5 Unarmed Combat
 + Level 10.1 Invocations


You had 13 spell levels left.
You didn't know any spells.

Dungeon Overview and Level Annotations

Branches:
Dungeon (12/15)            Temple (0/1) D:7            Lair (6/6) D:11
 Shoals (0/4) Lair:2       Spider (0/4) Lair:2        Slime (0/5) Lair:5
    Orc (0/2) D:11

Altars:
Cheibriados
Dithmenos
Elyvilon
Gozag
Hepliaklqana
Makhleb
Trog
Uskayaw
Zin
Jiyva

Shops:
D:6 (


Innate Abilities, Weirdness & Mutations

You are too large for most types of armour.
You have claws for hands.
Your metabolism is lightning-fast.
You like to eat raw meat.
Your natural rate of healing is unusually fast.
You are covered in fur. (AC +1)
You have very tough skin. (AC +2)
Your flesh is cold resistant. (rC+)
Armour fits poorly on your strangely shaped body.
Your spells are a little harder to cast, but a little more powerful.


Message History

Throwing (i - inventory. (,) - cycle):
c - 8 large rocks (quivered)
Press: ? - help, Shift-Dir - straight line, f/p - komodo dragon
Aim: a komodo dragon (almost dead)
You throw a large rock.
The large rock barely misses the komodo dragon.
The large rock barely misses the hippogriff.
You hear a trumpeting!
You hear a bleat!
The komodo dragon bites you!
* * * LOW HITPOINT WARNING * * *
The komodo dragon bites you!!
* * * LOW HITPOINT WARNING * * *
You hear a bleat!
Throwing (i - inventory. (,) - cycle):
c - 7 large rocks (quivered)
Press: ? - help, Shift-Dir - straight line, f/p - komodo dragon
Aim: a komodo dragon (almost dead)
You throw a large rock. The large rock hits the komodo dragon!!
You kill the komodo dragon!
Cheibriados thoroughly appreciates the change of pace.
The spiny frog stings you!
You die...

≈≈≈≈P≈ ≈≈≈P≈≈≈ ≈≈≈≈≈P≈≈##
;≈≈≈P≈≈≈≈##### #### #
≈≈PY≈≈≈≈≈#@#.#######..#####
PP.≈P≈≈≈≈##F..##.PP#...[.P#
≈...≈≈≈≈...YH............÷.
......H.........#..........
........(....)...#....#.#..
...l...%........P#.........
...P...?#.............##...
...P.....#.......(....#....
........#........S.........


You could see an elephant, a hippogriff and a spiny frog.

Vanquished Creatures
  A minotaur (Lab)
  The ghost of wojtek the Cleaver, a journeyman MiFi of Makhleb (D:11)
  7 hydras
  A catoblepas (Lair:6)
  The ghost of Tenz the Transmogrifier, a journeyman VSTm (Lair:1)
  4 two-headed ogres
  6 death yaks
  A shadow wraith (Abyss:1)
  Pikel (D:8)
  2 manticores
  2 ugly things (D:11)
  An oklob plant (Lair:5)
  A cyclops (D:11)
  The ghost of tarantulino the Cutter, a novice KoGl of Kikubaaqudgha (D:7)
  Maurice (D:11)
  A centaur zombie (D:8)
  Joseph (D:8)
  5 black mambas
  6 elephants (Lair:6)
  18 spiny frogs
  2 gargoyles (D:11)
  A smoke demon (Abyss:1)
  A torpor snail (Lair:5)
  9 rime drakes
  10 komodo dragons
  6 polar bears
  A queen bee (D:9)
  4 hornets
  Grinder (D:6)
  12 blink frogs
  12 hippogriffs
  The ghost of TheOvate the Cutter, an amateur HaAr (D:4)
  A shadow (D:11)
  A centaur simulacrum (D:10)
  A redback (D:8)
  56 yaks
  9 wyverns
  A wraith (D:11)
  6 basilisks (Lair:5)
  Grum (D:8)
  4 wargs (D:11)
  4 hell hounds (Lair:5)
  3 porcupines
  11 water moccasins
  A hornet zombie (D:9)
  5 ice beasts
  4 orc warriors
  2 sky beasts
  2 black bears
  A small abomination (Abyss:1)
  21 wolves
  5 ogres
  3 phantoms
  3 necrophages
  7 centaurs
  8 crocodiles
  3 big kobolds
  14 bullfrogs
  2 scorpions
  A hornet simulacrum (D:10)
  23 killer bees (D:9)
  4 electric eels
  3 howler monkeys
  9 crimson imps
  3 bullfrog zombies
  8 hounds
  13 orc wizards
  4 bullfrog skeletons
  2 gnoll shamans
  5 orc priests
  2 jellies
  A water moccasin simulacrum (D:10)
  Crazy Yiuf (D:3)
  A centaur skeleton (D:6)
  7 iguanas
  Natasha (thrice) (D:2)
  6 worker ants
  Ijyb (D:4)
  A killer bee zombie (D:5)
  A bullfrog simulacrum (D:10)
  A hound skeleton (D:10)
  A howler monkey zombie (D:7)
  17 gnolls
  11 adders
  A hound simulacrum (D:10)
  6 shadow imps
  A white imp (D:10)
  4 ufetubi
  3 oozes
  An adder skeleton (D:4)
  An adder zombie (D:9)
  3 worms
  2 dart slugs
  4 leopard geckos
  38 orcs
  11 bats
  9 giant cockroaches
  3 goblins
  5 hobgoblins
  19 jackals
  24 kobolds
  4 quokkas
  A ball python (D:4)
  5 frilled lizards
  A jackal skeleton (D:4)
  A leopard gecko skeleton (D:5)
  A quokka skeleton (D:6)
  A quokka zombie (D:8)
  6 rats
585 creatures vanquished.

Vanquished Creatures (others)
  A slave (D:8)
  An ogre (D:8)
  A wolf (D:10)
  An iguana (D:8)
  A worker ant (D:8)
  A kobold (D:10)
  A quokka (D:8)
  A bush (Lair:5)
  17 fungi
  32 plants
57 creatures vanquished.

Grand Total: 642 creatures vanquished

Notes
Turn   | Place    | Note
-------+----------+-------------------------------------------
     0 | D:1      | Miyamura the Troll Hunter began the quest for the Orb.
     0 | D:1      | Reached XP level 1. HP: 19/19 MP: 0/0
   142 | D:1      | Reached XP level 2. HP: 28/28 MP: 1/1
   161 | D:1      | Reached skill level 1 in Unarmed Combat
   304 | D:1      | Reached XP level 3. HP: 35/35 MP: 2/2
   366 | D:1      | Reached skill level 1 in Maces & Flails
   781 | D:2      | Found a hazy altar of Hepliaklqana.
   781 | D:2      | Noticed Natasha
   806 | D:2      | Killed Natasha
   806 | D:2      | Reached XP level 4. HP: 25/42 MP: 3/3
   976 | D:2      | Noticed Natasha
   983 | D:2      | Killed Natasha
  1000 | D:2      | Noticed Natasha
  1010 | D:2      | Killed Natasha
  1010 | D:2      | Reached XP level 5. HP: 40/49 MP: 4/4
  1111 | D:2      | Found an opulent altar of Gozag.
  1112 | D:2      | Found a snail-covered altar of Cheibriados.
  1176 | D:2      | Became a worshipper of Cheibriados the Contemplative
  2068 | D:3      | Found a runed door.
  2280 | D:3      | Noticed Crazy Yiuf
  2286 | D:3      | Killed Crazy Yiuf
  2286 | D:3      | Reached XP level 6. HP: 56/59 MP: 5/5
  2464 | D:4      | Reached * piety under Cheibriados
  2589 | D:4      | Noticed TheOvate's ghost (amateur HaAr)
  2600 | D:4      | Killed TheOvate's ghost
  2600 | D:4      | Reached skill level 1 in Invocations
  2600 | D:4      | Reached XP level 7. HP: 66/66 MP: 5/7
  2805 | D:4      | Noticed Ijyb
  2825 | D:4      | Killed Ijyb
  2845 | D:4      | Found a burning altar of Makhleb.
  3214 | D:5      | Entered Level 5 of the Dungeon
  3298 | D:5      | Found a shadowy altar of Dithmenos.
  3352 | D:5      | Noticed a dagger
  3353 | D:5      | Noticed a dagger
  3353 | D:5      | Found a hide-covered altar of Uskayaw.
  3431 | D:5      | Reached ** piety under Cheibriados
  3431 | D:5      | Reached skill level 5 in Throwing
  3509 | D:5      | Noticed a hippogriff
  3523 | D:5      | Killed a hippogriff
  3523 | D:5      | Reached XP level 8. HP: 37/75 MP: 7/9
  4157 | D:6      | Found a white marble altar of Elyvilon.
  4264 | D:6      | Cast into level 1 of the Abyss (gnoll)
  4347 | Abyss:1  | Reached *** piety under Cheibriados
  4349 | Abyss:1  | Noticed a lich
  4361 | Abyss:1  | Noticed a thrashing horror
  4442 | Abyss:1  | Noticed a smoke demon
  4449 | Abyss:1  | Killed a smoke demon
  4508 | Abyss:1  | HP: 3/78 [something (6)]
  4513 | Abyss:1  | Killed a shadow wraith
  4513 | Abyss:1  | Reached XP level 9. HP: 28/85 MP: 10/10
  4515 | D:6      | Escaped the Abyss
  4882 | D:6      | Found Ixoepouq's Weapon Boutique.
  4918 | D:6      | Noticed Grinder
  4931 | D:6      | Killed Grinder
  4931 | D:6      | Reached skill level 5 in Unarmed Combat
  4963 | D:6      | Reached skill level 5 in Maces & Flails
  5190 | D:7      | Noticed tarantulino's ghost (novice KoGl)
  5209 | D:7      | Killed tarantulino's ghost
  5209 | D:7      | Reached skill level 5 in Dodging
  5549 | D:7      | Reached **** piety under Cheibriados
  5556 | D:7      | Reached skill level 5 in Fighting
  5657 | D:7      | Noticed a two-headed ogre
  5674 | D:7      | Killed a two-headed ogre
  5674 | D:7      | Reached XP level 10. HP: 7/96 MP: 12/12
  5988 | D:7      | Reached skill level 5 in Invocations
  6013 | D:7      | Reached ***** piety under Cheibriados
  6142 | D:7      | Found a staircase to the Ecumenical Temple.
  6290 | D:8      | Noticed Grum
  6298 | D:8      | Killed Grum
  6479 | D:8      | Noticed Joseph
  6488 | D:8      | Killed Joseph
  6730 | D:8      | Found a glowing silver altar of Zin.
  6835 | D:8      | Noticed Pikel
  6846 | D:8      | Killed Pikel
  6918 | D:8      | Noticed a two-headed ogre
  6919 | D:8      | a two-headed ogre changed into a redback
  6930 | D:8      | Reached XP level 11. HP: 69/104 MP: 14/14
  7400 | D:9      | Got a colourful robe
  7487 | D:9      | Noticed a two-headed ogre
  7493 | D:9      | Killed a two-headed ogre
  7544 | D:9      | Identified the cursed +1 robe of Vuabefar {rN+ Regen+ Int-4 Dex+3} (You found it on level 9 of the Dungeon)
  7564 | D:9      | Gained mutation: You are occasionally teleported next to monsters. [potion of mutation]
  7564 | D:9      | Gained mutation: You are partially covered in molten scales. (AC +2) [potion of mutation]
  7622 | D:9      | Reached ****** piety under Cheibriados
  7664 | D:9      | Noticed a two-headed ogre
  7671 | D:9      | Killed a two-headed ogre
  7720 | D:9      | Lost mutation: You are occasionally teleported next to monsters. [potion of mutation]
  7720 | D:9      | Lost mutation: You are partially covered in molten scales. (AC +2) [potion of mutation]
  7720 | D:9      | Gained mutation: Armour fits poorly on your strangely shaped body. [potion of mutation]
  7720 | D:9      | Gained mutation: Your flesh is cold resistant. (rC+) [potion of mutation]
  7720 | D:9      | Gained mutation: Your spells are a little harder to cast, but a little more powerful. [potion of mutation]
  7760 | D:9      | You fall through a shaft!
  7760 | D:10     | Entered Level 10 of the Dungeon
  8608 | D:9      | Reached XP level 12. HP: 61/115 MP: 12/16
  9460 | D:11     | Noticed Maurice
  9480 | D:11     | Killed Maurice
  9536 | D:11     | Noticed a two-headed ogre
  9541 | D:11     | Killed a two-headed ogre
  9555 | D:11     | Noticed wojtek's ghost (journeyman MiFi)
  9573 | D:11     | Killed wojtek's ghost
  9737 | D:11     | Noticed a death yak
  9738 | D:11     | Noticed a death yak
  9738 | D:11     | Found a staircase to the Lair.
  9739 | D:11     | Noticed a death yak
  9764 | D:11     | Killed a death yak
  9773 | D:11     | Killed a death yak
  9784 | D:11     | Killed a death yak
  9820 | D:11     | Found a staircase to the Orcish Mines.
 10156 | Lair:1   | Entered Level 1 of the Lair of Beasts
 10186 | Lair:1   | Found a labyrinth entrance.
 10195 | Lab      | Entered a labyrinth
 10312 | Lab      | Noticed a minotaur
 10326 | Lab      | Killed a minotaur
 10602 | Lab      | Identified the Papyrus of the Moneychanger
 10606 | Lab      | Got an iridescent glaive
 10607 | Lab      | Identified the cursed +1 glaive "Jaat" {drain, *Rage rC+ Int+3 Dex+5} (You found it in a labyrinth)
 10773 | Lair:1   | Noticed Tenz's ghost (journeyman VSTm)
 10792 | Lair:1   | Killed Tenz's ghost
 10792 | Lair:1   | Reached XP level 13. HP: 121/127 MP: 12/18
 11800 | Lair:2   | Found a hole to the Spider Nest.
 11936 | Lair:2   | Found a staircase to the Shoals.
 12006 | Lair:2   | Found a glowing silver altar of Zin.
 12781 | Lair:3   | Reached skill level 10 in Unarmed Combat
 13473 | Lair:3   | Found a bloodstained altar of Trog.
 14962 | Lair:5   | Reached XP level 14. HP: 137/137 MP: 20/20
 14963 | Lair:5   | Reached skill level 10 in Throwing
 15147 | Lair:5   | Found a staircase to the Slime Pits.
 15147 | Lair:5   | Found a viscous altar of Jiyva.
 15968 | Lair:5   | Reached skill level 10 in Maces & Flails
 16142 | Lair:6   | Entered Level 6 of the Lair of Beasts
 16507 | Lair:6   | Reached skill level 10 in Invocations
 16812 | Lair:6   | HP: 7/140 [komodo dragon (25)]
 16813 | Lair:6   | Slain by a spiny frog

Skill      XL: |  1  2  3  4  5  6  7  8  9 10 11 12 13 14 |
---------------+-------------------------------------------+-----
Unarmed Combat | 1 2 3 4 5 6 8 9 10 | 10.5
Maces & Flails | 1 2 3 4 5 6 7 8 9 10 | 10.4
Throwing       | 4 5 6 7 8 9 10 | 10.5
Dodging        | 2 3 4 5 6 8 9 |  9.4
Fighting       | 2 3 4 5 6 7 8 9 |  9.2
Invocations    | 1 2 3 4 5 7 8 9 10 | 10.1
Stealth        | |  0.3

Action                   |  1- 3 |  4- 6 |  7- 9 | 10-12 | 13-15 || total
-------------------------+-------+-------+-------+-------+-------++-------
Melee: Unarmed           |    63 |   167 |   317 |   668 |   303 ||  1518
       Punch             |     3 |     2 |     8 |    41 |    27 ||    81
       Great mace        |       |       |       |       |   230 ||   230
       Flail             |       |       |       |       |    12 ||    12
Throw: Large rock        |       |       |       |       |    57 ||    57
Invok: Bend Time         |       |       |     1 |     7 |     5 ||    13
       Temporal Distorti |       |       |       |     1 |     3 ||     4
       Slouch            |       |       |       |    12 |    12 ||    24
Evoke: Wand              |       |       |     4 |    14 |       ||    18
  Use: Potion            |       |     6 |     9 |     8 |     5 ||    28
       Scroll            |       |       |    20 |    13 |     7 ||    40
 Stab: Sleeping          |     1 |       |     5 |     2 |     4 ||    12
       Invisible         |       |       |     3 |       |       ||     3
       Distracted        |       |       |       |     2 |     1 ||     3
  Eat: Chunk             |    11 |    21 |    18 |    32 |    44 ||   126
Armor: Robe              |    18 |    79 |       |    56 |   135 ||   288
       Steam dragon scal |       |       |   134 |   126 |       ||   260
Dodge: Dodged            |    26 |    84 |   213 |   531 |   523 ||  1377
Block: Other             |       |       |    42 |   185 |   226 ||   453
       Reflection        |       |       |     1 |     5 |       ||     6
